UNITED STATES PREMIER LEAGUE
GRAFTON MIDDIES VS LEXINGTON BC
07/24/2014
 
TOP OF THE 1ST
Lexington BC batting - Pitching for Grafton Middies : LHP William Johnson
Pitching: LHP William Johnson
Batting: RHB Ed Anderson 0-0: Ball
1-0: SOLO HOME RUN (Flyball, 7D), Distance : 405 ft
Batting: RHB Brian O'Brian 0-0: Ball
1-0: Ball
2-0: Swinging Strike
2-1: Foul Ball, location: 2F
2-2: Strikes out swinging
Batting: RHB Júlio Gruzmán 0-0: SINGLE (Flyball, 9S)
Batting: LHB Jerry Harris 0-0: Swinging Strike
0-1: Swinging Strike
0-2: Strikes out swinging
Batting: RHB Curt Phillips 0-0: Foul Ball, location: 2F
0-1: Ball
1-1: Ball
2-1: SINGLE (Popup, 8LS)
Júlio Gruzmán to second
Batting: RHB Enrique Pérez 0-0: Called Strike
0-1: Fly out, F6 (Popup, 56)
Top of the 1st over - 1 run(s), 3 hit(s), 0 error(s), 2 left on base; Lexington 1 - Grafton 0
BOTTOM OF THE 1ST
Grafton Middies batting - Pitching for Lexington BC : LHP Charlie Day
Pitching: LHP Charlie Day
Batting: RHB Fernando Delgado 0-0: Ball
1-0: Ground out 6-3 (Groundball, 6)
Batting: RHB Chris Lowe 0-0: Ball
1-0: Called Strike
1-1: Ball
2-1: SINGLE (Flyball, 89S)
Batting: LHB Tony Dyer 0-0: Called Strike
0-1: SINGLE (Line Drive, 34D)
Chris Lowe to second
Batting: LHB Guillermo Romero 0-0: Called Strike
0-1: Ball
1-1: Swinging Strike
1-2: Strikes out looking
Batting: SHB Matt Morris 0-0: Ball
Wild Pitch!
Chris Lowe to third
Tony Dyer to second
1-0: Fly out, F6 (Line Drive, 6)
Bottom of the 1st over - 0 run(s), 2 hit(s), 0 error(s), 2 left on base; Lexington 1 - Grafton 0
TOP OF THE 2ND
Lexington BC batting - Pitching for Grafton Middies : LHP William Johnson
Batting: RHB Lockwood Rose 0-0: Ball
1-0: Ball
2-0: Ball
3-0: Base on Balls
Batting: RHB Blaine Bell 0-0: Ball
1-0: Called Strike
1-1: Swinging Strike
1-2: Ball
2-2: Ball
3-2: Ground out 5-3 (Groundball, 5S)
Lockwood Rose to second
Batting: LHB Charlie Day 0-0: Called Strike
0-1: Ball
1-1: Ball
2-1: Foul Ball, location: 2F
2-2: Foul Ball, location: 2F
2-2: Foul Ball, location: 2F
2-2: Foul Ball, location: 2F
2-2: Ball
3-2: Foul Ball, location: 2F
3-2: Strikes out swinging
Batting: RHB Ed Anderson 0-0: Ball
1-0: Called Strike
1-1: Ground out 5-3 (Groundball, 5L)
Top of the 2nd over - 0 run(s), 0 hit(s), 0 error(s), 1 left on base; Lexington 1 - Grafton 0
BOTTOM OF THE 2ND
Grafton Middies batting - Pitching for Lexington BC : LHP Charlie Day
Batting: LHB Chad Armstrong 0-0: Swinging Strike
0-1: Swinging Strike
0-2: Foul Ball, location: 2F
0-2: Strikes out swinging
Batting: RHB Carlos Vázquez 0-0: Ball
1-0: Foul Ball, location: 2F
1-1: Ball
2-1: Ball
3-1: Fly out, F7 (Flyball, 78D)
Batting: RHB Steve Brewer 0-0: Ball
Single, Error in OF, E9, batter to second base
Batting: LHB William Johnson 0-0: Ball
1-0: Ball
2-0: Foul Ball, location: 2F
2-1: SINGLE (Line Drive, 4MD)
Steve Brewer to third
Runner from 3rd tries for Home, throw and OUT!
Bottom of the 2nd over - 0 run(s), 2 hit(s), 1 error(s), 1 left on base; Lexington 1 - Grafton 0
TOP OF THE 3RD
Lexington BC batting - Pitching for Grafton Middies : LHP William Johnson
Batting: RHB Brian O'Brian 0-0: Ball
1-0: DOUBLE (Flyball, 9LM)
Batting: RHB Júlio Gruzmán 0-0: Called Strike
0-1: Ground out 4-3 (Groundball, 4)
Brian O'Brian to third
Batting: LHB Jerry Harris 0-0: Ball
1-0: Called Strike
1-1: Swinging Strike
1-2: Ball
2-2: Fly out, F7 (Flyball, 7LM)
Runner from 3rd tags up, SCORES, throw made
Batting: RHB Curt Phillips 0-0: Ball
1-0: Swinging Strike
1-1: Swinging Strike
1-2: Ball
2-2: Foul Ball, location: 2F
2-2: DOUBLE (Line Drive, 78D)
Batting: RHB Enrique Pérez 0-0: Ball
1-0: Ball
2-0: Ball
3-0: Called Strike
3-1: Ground out 6-3 (Groundball, 6M)
Top of the 3rd over - 1 run(s), 2 hit(s), 0 error(s), 1 left on base; Lexington 2 - Grafton 0
BOTTOM OF THE 3RD
Grafton Middies batting - Pitching for Lexington BC : LHP Charlie Day
Batting: RHB Fernando Delgado 0-0: Ball
1-0: Called Strike
1-1: Ball
2-1: SINGLE (Line Drive, 8LS)
Batting: RHB Chris Lowe 0-0: Ball
1-0: Foul Ball, location: 2F
1-1: Foul Ball, location: 2F
1-2: Fielders Choice at 2nd, 5-4 (Groundball, 5)
Batting: LHB Tony Dyer 0-0: Ball
1-0: Foul Ball, location: 2F
1-1: Ball
2-1: Ball
3-1: Foul Ball, location: 2F
3-2: Strikes out swinging
Batting: LHB Guillermo Romero 0-0: Ball
1-0: Ball
2-0: 2-RUN HOME RUN (Flyball, 8RXD), Distance : 463 ft
Batting: SHB Matt Morris 0-0: Swinging Strike
0-1: Foul Ball, location: 2F
0-2: Strikes out swinging
Bottom of the 3rd over - 2 run(s), 2 hit(s), 0 error(s), 0 left on base; Lexington 2 - Grafton 2
TOP OF THE 4TH
Lexington BC batting - Pitching for Grafton Middies : LHP William Johnson
Batting: RHB Lockwood Rose 0-0: Called Strike
0-1: Ball
1-1: Swinging Strike
1-2: Ball
2-2: Strikes out looking
Batting: RHB Blaine Bell 0-0: Ball
1-0: Called Strike
1-1: Ball
2-1: Called Strike
2-2: Strikes out swinging
Batting: LHB Charlie Day 0-0: Ball
1-0: Ground out U3 (Groundball, 3)
Top of the 4th over - 0 run(s), 0 hit(s), 0 error(s), 0 left on base; Lexington 2 - Grafton 2
BOTTOM OF THE 4TH
Grafton Middies batting - Pitching for Lexington BC : LHP Charlie Day
Batting: LHB Chad Armstrong 0-0: Foul Ball, location: 2F
0-1: Swinging Strike
0-2: Foul Ball, location: 2F
0-2: Foul Ball, location: 2F
0-2: Strikes out looking
Batting: RHB Carlos Vázquez 0-0: Called Strike
0-1: Ball
1-1: Swinging Strike
1-2: Strikes out swinging
Batting: RHB Steve Brewer 0-0: SINGLE (Groundball, 34)
Batting: LHB William Johnson 0-0: Ball
1-0: Ball
2-0: SINGLE (Line Drive, 4MD)
Steve Brewer to second
Batting: RHB Fernando Delgado 0-0: Fly out, F8 (Flyball, 8LM)
Bottom of the 4th over - 0 run(s), 2 hit(s), 0 error(s), 2 left on base; Lexington 2 - Grafton 2
TOP OF THE 5TH
Lexington BC batting - Pitching for Grafton Middies : LHP William Johnson
Batting: RHB Ed Anderson 0-0: Ball
1-0: Called Strike
1-1: Fly out, F3 (Popup, 34)
Pitching: RHP Steve Terry
Batting: RHB Brian O'Brian 0-0: Called Strike
0-1: Ball
1-1: Fly out, F7 (Flyball, 7LD)
Batting: RHB Júlio Gruzmán 0-0: Ball
1-0: Called Strike
1-1: Ball
2-1: Foul Ball, location: 2F
2-2: Fly out, F9 (Flyball, 89S)
Top of the 5th over - 0 run(s), 0 hit(s), 0 error(s), 0 left on base; Lexington 2 - Grafton 2
BOTTOM OF THE 5TH
Grafton Middies batting - Pitching for Lexington BC : LHP Charlie Day
Batting: RHB Chris Lowe 0-0: Ball
1-0: Bunted foul
1-1: Ground out 6-3 (Groundball, 6)
Batting: LHB Tony Dyer 0-0: Ball
1-0: Ball
2-0: Called Strike
2-1: Ball
3-1: Swinging Strike
3-2: Ground out 4-3 (Groundball, 4S)
Batting: LHB Guillermo Romero 0-0: Ball
1-0: Ball
2-0: Ball
3-0: Called Strike
3-1: Base on Balls
Pitching: RHP Byron Rogers
Batting: SHB Matt Morris 0-0: Ball
1-0: Foul Ball, location: 2F
1-1: Fielders Choice at 2nd, U6 (Groundball, 6M)
Bottom of the 5th over - 0 run(s), 0 hit(s), 0 error(s), 1 left on base; Lexington 2 - Grafton 2
TOP OF THE 6TH
Lexington BC batting - Pitching for Grafton Middies : RHP Steve Terry
Batting: LHB Jerry Harris 0-0: Called Strike
0-1: DOUBLE (Flyball, 78D)
Batting: RHB Curt Phillips 0-0: Intentional Walk
Batting: RHB Enrique Pérez 0-0: Foul Ball, location: 2F
0-1: Foul Ball, location: 2F
0-2: Fly out, F5 (Line Drive, 56)
Batting: RHB Lockwood Rose 0-0: Called Strike
0-1: Fly out, F9 (Flyball, 9D)
Runner from 2nd tags up, SAFE at 3rd, no throw
Batting: RHB Blaine Bell 0-0: Called Strike
Curt Phillips is caught stealing 2nd base
Top of the 6th over - 0 run(s), 1 hit(s), 0 error(s), 0 left on base; Lexington 2 - Grafton 2
BOTTOM OF THE 6TH
Grafton Middies batting - Pitching for Lexington BC : RHP Byron Rogers
Batting: LHB Chad Armstrong 0-0: Ball
1-0: Foul Ball, location: 2F
1-1: Ball
2-1: Called Strike
2-2: Ball
3-2: Fly out, F8 (Line Drive, 8LS)
Batting: RHB Carlos Vázquez 0-0: Ball
1-0: Foul Ball, location: 2F
1-1: SINGLE (Groundball, 56D)
Batting: RHB Steve Brewer 0-0: Fielders Choice at 2nd, 6-4 (Groundball, 6)
Pinch Hitting: LHB Paul Herman 0-0: Ball
1-0: Called Strike
1-1: Swinging Strike
1-2: Strikes out swinging
Bottom of the 6th over - 0 run(s), 1 hit(s), 0 error(s), 1 left on base; Lexington 2 - Grafton 2
TOP OF THE 7TH
Lexington BC batting - Pitching for Grafton Middies : RHP Steve Terry
Pitching: RHP José Gutiérrez
Batting: RHB Blaine Bell 0-0: Called Strike
0-1: Called Strike
0-2: Foul Ball, location: 2F
0-2: Foul Ball, location: 2F
0-2: Ball
1-2: Ground out 4-3 (Groundball, 4)
Pinch Hitting: RHB Leonardo Sánchez 0-0: Ball
1-0: Fly out, F7 (Line Drive, 7M)
Batting: RHB Ed Anderson 0-0: Called Strike
0-1: Ball
1-1: Swinging Strike
1-2: Ball
2-2: Ball
3-2: Base on Balls
Batting: RHB Brian O'Brian 0-0: SINGLE (Line Drive, 6MD)
Ed Anderson to second
Batting: RHB Júlio Gruzmán 0-0: Ball
1-0: Foul Ball, location: 2F
1-1: Ball
2-1: DOUBLE (Line Drive, 7LD)
Ed Anderson scores
Brian O'Brian to third
Runner from 3rd tries for Home, SAFE, no throw or cutoff
Pitching: RHP Juan Rosa
Batting: LHB Jerry Harris 0-0: Ball
1-0: Swinging Strike
1-1: Swinging Strike
1-2: Ball
2-2: Ball
3-2: Foul Ball, location: 2F
3-2: Foul Ball, location: 2F
3-2: Base on Balls
Batting: RHB Curt Phillips 0-0: Ball
1-0: Ball
2-0: Foul Ball, location: 2F
2-1: Ball
3-1: Base on Balls
Júlio Gruzmán to third
Jerry Harris to second
Batting: RHB Enrique Pérez 0-0: Called Strike
0-1: Ball
1-1: Ball
2-1: Foul Ball, location: 2F
2-2: Strikes out swinging
Top of the 7th over - 2 run(s), 2 hit(s), 0 error(s), 3 left on base; Lexington 4 - Grafton 2
BOTTOM OF THE 7TH
Grafton Middies batting - Pitching for Lexington BC : RHP Byron Rogers
Pitching: RHP Burt Booth
Now at 3B: Félix Rodríguez
Batting: RHB Fernando Delgado 0-0: Ball
1-0: Foul Ball, location: 2F
1-1: Ball
2-1: Ball
3-1: Ground out 5-3 (Groundball, 56)
Batting: RHB Chris Lowe 0-0: Ball
1-0: Foul Ball, location: 2F
1-1: SINGLE (Line Drive, 6M)
Pitching: LHP Tim Fitzgerald
Batting: LHB Tony Dyer 0-0: Fly out, F8 (Flyball, 8RM)
Pitching: RHP Esteban Moreno
Batting: LHB Guillermo Romero 0-0: Ball
1-0: Fly out, F8 (Line Drive, 8LM)
Bottom of the 7th over - 0 run(s), 1 hit(s), 0 error(s), 1 left on base; Lexington 4 - Grafton 2
TOP OF THE 8TH
Lexington BC batting - Pitching for Grafton Middies : RHP Juan Rosa
Batting: RHB Lockwood Rose 0-0: Ball
1-0: Ball
2-0: Ball
3-0: Base on Balls
Batting: RHB Blaine Bell 0-0: Ball
1-0: Called Strike
1-1: Bunted foul
1-2: Ball
2-2: Ball
3-2: DOUBLE (Line Drive, 7LS)
Lockwood Rose to third
Batting: RHB Félix Rodríguez 0-0: Ball
1-0: SINGLE (Groundball, 6MD)
Lockwood Rose scores
Blaine Bell to third
Batting: RHB Ed Anderson 0-0: Ball
1-0: Ball
Passed Ball!
Blaine Bell scores
Félix Rodríguez to second
2-0: Ball
3-0: Base on Balls
Pitching: RHP Raúl Javier
Pinch Hitting: RHB Xie-li Kan 0-0: Fielders Choice at 2nd, 4-6 (Groundball, 4)
Félix Rodríguez to third
Batting: RHB Júlio Gruzmán 0-0: Called Strike
0-1: Ball
1-1: Swinging Strike
1-2: Ball
2-2: Ball
3-2: Base on Balls
Xie-li Kan to second
Batting: LHB Jerry Harris 0-0: Swinging Strike
0-1: Ball
1-1: Ball
2-1: Ball
3-1: Foul Ball, location: 2F
3-2: Fly out, F8 (Line Drive, 8RS)
Batting: RHB Curt Phillips 0-0: Called Strike
0-1: Ball
1-1: Foul Ball, location: 2F
1-2: Foul Ball, location: 2F
1-2: Foul Ball, location: 2F
1-2: GRAND SLAM HOME RUN (Flyball, 7LD), Distance : 366 ft
Batting: RHB Enrique Pérez 0-0: Swinging Strike
0-1: Ball
1-1: Ball
2-1: Ball
3-1: Base on Balls
Pitching: LHP Marcus Terry
Batting: RHB Lockwood Rose 0-0: Ball
1-0: SINGLE (Line Drive, 4D)
Enrique Pérez to second
Batting: RHB Blaine Bell 0-0: Ball
1-0: Ball
2-0: Called Strike
2-1: Ball
3-1: Called Strike
3-2: Fly out, F3 (Popup, 3DF)
Top of the 8th over - 6 run(s), 4 hit(s), 0 error(s), 2 left on base; Lexington 10 - Grafton 2
BOTTOM OF THE 8TH
Grafton Middies batting - Pitching for Lexington BC : RHP Esteban Moreno
Pitching: RHP Myron Snow
Batting: SHB Matt Morris 0-0: Foul Ball, location: 2F
0-1: Swinging Strike
0-2: Ball
1-2: Ball
2-2: Ball
3-2: SINGLE (Groundball, 56D)
Batting: LHB Chad Armstrong 0-0: Called Strike
0-1: SINGLE (Line Drive, 78S)
Matt Morris to second
Batting: RHB Carlos Vázquez 0-0: Ball
1-0: Called Strike
1-1: Swinging Strike
1-2: Strikes out swinging
Batting: RHB Steve Brewer 0-0: Foul Ball, location: 2F
0-1: Ball
1-1: Fly out, F8 (Flyball, 8RM)
Batting: LHB Marcus Terry 0-0: Called Strike
0-1: Swinging Strike
0-2: Ball
1-2: Ball
2-2: Ground out 1-3 (Groundball, 25)
Bottom of the 8th over - 0 run(s), 2 hit(s), 0 error(s), 2 left on base; Lexington 10 - Grafton 2
TOP OF THE 9TH
Lexington BC batting - Pitching for Grafton Middies : LHP Marcus Terry
Batting: RHB Félix Rodríguez 0-0: Called Strike
0-1: Ground out 4-3 (Groundball, 4M)
Batting: RHB Ed Anderson 0-0: Called Strike
0-1: Ball
1-1: Ball
2-1: Foul Ball, location: 2F
2-2: Ground out U3 (Groundball, 3)
Pinch Hitting: RHB Ángel Garza 0-0: Foul Ball, location: 2F
0-1: SINGLE (Line Drive, 6MD)
Batting: RHB Júlio Gruzmán 0-0: Fly out, F4 (Popup, 4)
Top of the 9th over - 0 run(s), 1 hit(s), 0 error(s), 1 left on base; Lexington 10 - Grafton 2
BOTTOM OF THE 9TH
Grafton Middies batting - Pitching for Lexington BC : RHP Myron Snow
Pitching: RHP José Ramos
Batting: RHB Fernando Delgado 0-0: Called Strike
0-1: Called Strike
0-2: Ball
1-2: Ball
2-2: Foul Ball, location: 2F
2-2: Strikes out swinging
Batting: RHB Chris Lowe 0-0: Foul Ball, location: 2F
0-1: Called Strike
0-2: Hit by Pitch
Batting: LHB Tony Dyer 0-0: Called Strike
0-1: Called Strike
0-2: Ball
1-2: SINGLE (Flyball, 7LS)
Chris Lowe to second
Batting: LHB Guillermo Romero 0-0: Ball
1-0: Ball
2-0: Called Strike
2-1: Swinging Strike
2-2: Foul Ball, location: 2F
2-2: Foul Ball, location: 2F
2-2: Strikes out swinging
Batting: SHB Matt Morris 0-0: Called Strike
0-1: Foul Ball, location: 2F
0-2: Strikes out swinging
Bottom of the 9th over - 0 run(s), 1 hit(s), 0 error(s), 2 left on base; Lexington 10 - Grafton 2
This league is powered by Out of the Park Baseball, the baseball management simulation game for PC, Mac and Linux
Thursday, April 24th, 2014 - OOTP Baseball 14.6 Build 33